Unix NetHack Version 5.0.0-0 post-release - last build Jun 10 2026 00:39:30 (3ee93aec679c4c4259841fe613dc97188e26a321,branch:main).

Game began 2026-05-10 18:59:47, ended 2026-06-17 21:40:41.

IceCreamJones, lawful male human Knight

                                 ------------
                                ........e....
                               -...----%----
                              ....--  a%.
                       -------.%.--   @A@
            -----      |..A*.....|  a ...
             ...|      |...------   mB.a.
     ---------..--     --@----        @@a
     |......%|...--     A....--   -----a-----
     |.......|.)%%---%...@....-----.@%@a.@..---
     |..._.%*-%%)A%%aVa........||......)......|
     |.......|%).%---.........--|. ----|---- .|
     |.......|..%--  -.......-- |  |..%&QY.|a |
     ---------.%--   ---------     |..a....|
             ...|                 @|...@...|
            -----                 A|...@...|@
                                   |.......|
                                   ---------AA
                                          A

IceCreamJones the Chevalier  St:18/10 Dx:20 Co:18 In:16 Wi:22 Ch:18  Lawful
Astral Plane $:0  HP:185(245) Pw:184(235) AC:-36 Xp:23 T:86904 

Latest messages:
 Death picks up a wand of digging.
 The genetic engineer hits the large mimic.
 The large mimic undergoes a freakish metamorphosis and turns into a cobra.
 A mysterious force prevents the genetic engineer from teleporting!
 The cobra misses the genetic engineer.
 The renegade priestess of Lugh casts a spell!
 The priest of Manannan Mac Lir casts a spell!
 The soldier ant misses the giant beetle.
 The soldier ant stings the giant beetle.
 The soldier ant's sting was poisoned!
 The poison doesn't seem to affect the giant beetle.
 The cobra misses the genetic engineer.
 The cobra turns to flee.
 The soldier ant misses Death.
 The soldier ant misses Death.
 The genetic engineer hits the cobra.
 The cobra undergoes a freakish metamorphosis and turns into a yeti.
 A mysterious force prevents the genetic engineer from teleporting!
 The yeti hits the genetic engineer.
 The yeti misses the genetic engineer.
 The yeti misses the genetic engineer.
 The priest of Moloch casts a spell!
 Pick a monster, object or location.
 The soldier ant bites the giant beetle.
 The soldier ant misses the giant beetle.
 The soldier ant bites the giant beetle.
 The giant beetle is killed!
 The yeti misses the genetic engineer.
 The yeti misses the genetic engineer.
 The yeti bites the genetic engineer.
 The genetic engineer hits the yeti.
 The renegade priestess of Lugh casts a spell!
 The high priest of Lugh swings his mace.
 The high priest of Lugh hits!
 The high priest of Lugh kicks!
 The high priest of Lugh swings his mace.
 The high priest of Lugh hits!
 The high priest of Lugh kicks!
 What do you want to sacrifice? [g or ?*] g
 You offer the Amulet of Yendor to Lugh...
 An invisible choir sings, and you are bathed in radiance...
 The voice of Lugh booms out: "Mortal, thou hast done well!"
 "In return for thy service, I grant thee the gift of Immortality!"
 You ascend to the status of Demigod...
 Do you want your possessions identified? [ynq] (y) y
 Do you want to see your attributes? [ynq] (y) y
 Do you want an account of creatures vanquished? [ynaq] (y) y
 Do you want a list of species genocided and extinct? [ynaq] (y) y
 Do you want to see your conduct and achievements? [ynq] (y) y
 Do you want to see the dungeon overview? [ynq] (y) n

Inventory:
 Amulets  ('"')
  q - an uncursed amulet of ESP (being worn)
 Weapons  (')')
  h - 8 +0 elven daggers (at the ready)
  a - the blessed rustproof +6 Excalibur
  W - a +6 silver saber (alternate weapon; not wielded)
 Armor    ('[')
  G - a blessed tempered +4 helm of brilliance (being worn)
  c - a blessed fireproof +4 pair of gauntlets of dexterity (being worn)
  v - a blessed fireproof +2 pair of levitation boots
  E - a blessed fireproof +4 pair of speed boots (being worn)
  X - an uncursed thoroughly burnt +1 pair of water walking boots
  F - an uncursed fireproof +4 cloak of magic resistance (being worn)
  x - a blessed fireproof +4 T-shirt with text "Minetown Better Business Bureau" (being worn)
  O - a blessed +4 silver dragon scale mail (being worn)
 Comestibles  ('%')
  C - a blessed tin of szechuan lizard meat
  l - an uncursed cockatrice corpse (wielded)
 Rings    ('=')
  y - an uncursed ring of conflict (on left hand)
  Y - a cursed ring of free action (on right hand)
  A - an uncursed ring of slow digestion
 Wands    ('/')
  z - a blessed wand of cold (0:2)
  U - a wand of death (0:4)
  K - a wand of digging (0:3)
  k - a wand of fire (0:5)
  p - a wand of magic missile (0:7)
  S - a wand of polymorph (0:6)
  f - a wand of sleep (0:4)
  Q - a wand of stasis (0:4)
  s - a cursed wand of teleportation (0:1)
  T - a wand of wishing (1:0)
 Tools    ('(')
  b - a blessed bag of holding containing 75 items
  Z - a cursed sack containing 1 item
  t - an uncursed blindfold
  j - a blessed expensive camera (0:45)
  L - the blessed Magic Mirror of Merlin
  R - an uncursed pair of lenses (being worn)
  r - an uncursed skeleton key
  u - a blessed +0 unicorn horn
 Gems/Stones  ('*')
  P - a blessed luckstone

Contents of the bag of holding:
  328 gold pieces
  2 blessed +0 elven daggers
  a +1 elven dagger
  7 uncursed C-rations
  2 uncursed carrots
  4 uncursed eucalyptus leaves
  2 uncursed food rations
  21 uncursed K-rations
  3 uncursed lembas wafers
  a cursed sprig of wolfsbane
  an uncursed lizard corpse
  2 blessed scrolls of blank paper
  5 uncursed scrolls of blank paper
  3 cursed scrolls of blank paper
  2 blessed scrolls of charging
  an uncursed scroll of confuse monster
  a cursed scroll of enchant weapon
  an uncursed scroll of fire
  a cursed scroll of genocide
  7 uncursed scrolls of remove curse
  an uncursed scroll of teleportation
  2 uncursed potions of confusion
  a blessed potion of extra healing
  10 uncursed potions of extra healing
  a blessed potion of full healing
  4 uncursed potions of full healing
  an uncursed potion of healing
  an uncursed potion of invisibility
  2 uncursed potions of paralysis
  an uncursed potion of restore ability
  an uncursed potion of speed
  8 potions of holy water
  2 potions of unholy water
  a blessed +1 ring of increase damage
  a wand of create monster (0:11)
  a wand of death (0:8)
  a wand of digging (0:8)
  a wand of digging (0:7)
  a wand of digging (0:7)
  a wand of digging (0:7)
  a wand of digging (0:6)
  a wand of digging (0:5)
  a wand of digging (0:5)
  a wand of digging (0:5)
  a wand of digging (0:4)
  a wand of digging (0:4)
  a wand of digging (0:4)
  a wand of digging (0:4)
  a wand of digging (0:4)
  a wand of digging (0:3)
  a wand of digging (0:3)
  a wand of digging (0:2)
  a wand of digging (0:0)
  a cursed wand of digging (0:0)
  a wand of fire (0:6)
  a wand of fire (0:3)
  a wand of magic missile (0:2)
  a cursed wand of sleep (0:4)
  a blessed wand of speed monster (0:5)
  a wand of stasis (0:4)
  a wand of teleportation (0:8)
  a wand of teleportation (0:7)
  a wand of teleportation (0:5)
  a wand of teleportation (0:4)
  a wand of teleportation (0:4)
  a blessed magic marker (0:83)
  a blessed magic marker (1:40)
  a cursed magic marker (0:22)
  an uncursed magic whistle
  a blessed oil lamp
  an uncursed stethoscope
  8 uncursed tallow candles
  an uncursed wax candle
  an uncursed ruby
  an uncursed touchstone

Contents of the sack:
  a wand of cancellation (0:5)

IceCreamJones the Knight's attributes:

Background:
 You were a Chevalier, a level 23 male human Knight.
 You were lawful, on a mission for Lugh
 who was opposed by Brigit (neutral) and Manannan Mac Lir (chaotic).
 You were right-handed.
 You were in the endgame, on the Astral Plane.
 You entered the dungeon 86904 turns ago.
 There was a new moon in effect when your adventure ended.
 You had 30028423 experience points, 9971577 more were needed for level 24.

Basics:
 You had 185 out of 245 hit points.
 You had 184 out of 235 energy points (spell power).
 Your armor class was -36.
 Your wallet was empty, but
 you had 328 zorkmids stashed away in your pack.
 Autopickup was off.

Final Characteristics:
 Your strength was 18/10 (limit:18/100).
 Your dexterity was 20 (base:16, innate limit:18).
 Your constitution was 18 (limit:18).
 Your intelligence was 16 (base:12, limit:18).
 Your wisdom was 22 (base:18, innate limit:18).
 Your charisma was 18 (limit:18).

Final Status:
 You weren't hungry.
 You were unencumbered.
 You were wielding a corpse.

Final Attributes:
 You were the Hand of Elbereth.
 You were piously aligned.
 You were magic-protected.
 You were fire resistant.
 You were cold resistant.
 You were sleep resistant.
 You were shock resistant.
 You were poison resistant.
 You saw invisible.
 You were telepathic.
 You were clairvoyant.
 You caused conflict.
 You could jump.
 You had a moderate defense bonus (+9).
 You were warded.
 You were very fast.
 You had reflection.
 You had free action.
 You were extremely lucky.
 You had extra luck.
 Good luck did not time out for you.
 You survived.

Miscellaneous:
 You encountered 2 bones levels.
 Total elapsed playing time was 23 hours, 4 minutes and 19 seconds.

Major events:
 Turn
    1: IceCreamJones the lawful male human Knight entered the dungeon
 2703: found Mjollnir on the floor
 2761: attained the rank of Esquire (level 3)
 3329: entered the Gnomish Mines
 4139: attained the rank of Bachelor (level 6)
 6201: was given Excalibur by the Lady of the Lake
 8060: reached Mine Town
 9063: made his first wish - "blessed greased +2 silver dragon scale mail", got "a greased silver dragon scale mail"
11322: entered Sokoban
13254: completed 1st Sokoban level
13588: completed 2nd Sokoban level
14291: completed 3rd Sokoban level
15690: attained the rank of Sergeant (level 10)
16433: completed 4th Sokoban level
16835: acquired the Sokoban amulet of reflection
17566: performed his first genocide (class L)
18741: Matagami, the general store proprietrix, has been killed
18767: Bnowr Falr, the hardware store proprietor, has been killed
18931: Samoe, the delicatessen proprietrix, has been killed
19495: Annootok, the general store proprietor, has been killed
20035: Nenilukah, the hardware store proprietor, has been killed
24580: acquired the Mines' End luckstone
26096: Sipaliwini, the general store proprietrix, has been killed
27296: Siverek, the used armor dealership proprietor, has been killed
29596: wished for "blessed greased fireproof +2 cloak of magic resistance", got "a greased opera cloak"
29817: read a Discworld novel
30845: wished for "blessed greased rustproof +2 helm of brilliance", got "a greased crystal helmet"
31001: Skibbereen, the second-hand bookstore proprietor, has been killed
35497: genocided class h
36975: killed Croesus
38540: attained the rank of Knight (level 14)
39720: entered Home 1, the Quest
40034: King Arthur has granted access to proceed deeper into the quest
40057: entered Home 2, the Quest
40221: entered Home 3, the Quest
40523: entered Home 4, the Quest
40729: entered Home 5, the Quest
40986: entered Home 6, the Quest
41116: Ixoth has been killed
41116: found the Magic Mirror of Merlin carried by a monster
41178: acquired the Bell of Opening
42819: killed Medusa
43404: was crowned "The Hand of Elbereth" by Lugh
45509: found Sunsword carried by a monster
46768: entered Gehennom
49994: killed Juiblex
53139: killed Asmodeus
56476: killed Baalzebub
57336: killed Orcus
61431: killed Yeenoghu
75881: destroyed Vlad the Impaler
75883: acquired the Candelabrum of Invocation
82503: was bestowed with Fire Brand by Lugh
82588: wished for "blessed fireproof +2 T-shirt", got "a T-shirt"
84412: killed the Wizard of Yendor
84417: acquired the Book of the Dead
84621: performed the invocation
84627: killed the Wizard of Yendor (2nd time)
84708: killed the high priest of Moloch
84711: acquired The Amulet of Yendor
84711: wished for "blessed magic marker", got "a magic marker"
84866: attained the rank of Banneret (level 18)
85694: attained the rank of Chevalier (level 22)
86154: wished for "blessed expensive camera", got "an expensive camera"
86154: entered the Elemental Planes
86154: entered Plane of Earth
86155: killed the Wizard of Yendor (3rd time)
86245: entered Plane of Air
86388: entered Plane of Fire
86494: entered Plane of Water
86497: genocided class ;
86810: entered the Astral Plane
86842: killed Pestilence
86857: killed Pestilence (2nd time)
86889: killed Death
86904: ascended

Spells:
 Name                 Level Category     Fail Retention
 extra healing          3   healing        0%   31%-35%
 wizard lock            2   matter        12%    (gone)
 identify               3   divination    12%  76%-100%
 detect monsters        1   divination    12%    1%-25%
 chain lightning        2   attack        12%   11%-15%
 light                  1   divination    12%  76%-100%
 detect food            2   divination    12%    1%-25%
 healing                1   healing        0%   31%-35%
 levitation             4   escape        71%   26%-50%
 invisibility           4   escape        71%   26%-50%
 jumping                1   escape        12%   26%-50%
 create familiar        6   clerical     100%    1%-25%
 create monster         2   clerical      12%   26%-50%
 charm monster          5   enchantment   88%    1%-25%
 haste self             3   escape        12%   26%-50%
 dig                    5   matter        88%    1%-25%
 force bolt             1   attack        12%   31%-35%
 fireball               4   attack        12%   11%-15%
 magic mapping          5   divination    88%    1%-25%
 detect unseen          3   divination    12%    1%-25%
 knock                  1   matter        12%    1%-25%
 finger of death        7   attack        71%   11%-15%
 cone of cold           4   attack        12%   11%-15%
 protection             1   clerical      12%    1%-25%
 cause fear             3   enchantment   12%    1%-25%
 polymorph              6   matter       100%    1%-25%
 cancellation           7   matter       100%    1%-25%
 confuse monster        1   enchantment   12%    1%-25%
 turn undead            6   clerical      96%    (gone)
 sleep                  3   enchantment   12%   26%-50%
 restore ability        4   healing        0%   76%-80%
 stone to flesh         3   healing       12%    (gone)
 cure blindness         2   healing        0%    (gone)
 magic missile          2   attack        12%   76%-80%
 slow monster           2   enchantment   12%    (gone)
 cure sickness          3   healing        0%    (gone)
 clairvoyance           3   divination    12%    1%-25%

Skills:
 Fighting Skills
   bare handed combat [Unskilled]
   two weapon combat  [Skilled]
   riding             [Basic]
 Weapon Skills
   dagger             [Basic]
   knife              [Unskilled]
   axe                [Unskilled]
   pick-axe           [Unskilled]
   short sword        [Unskilled]
   broadsword         [Unskilled]
   long sword         [Expert]
   two-handed sword   [Unskilled]
   saber              [Skilled]
   club               [Unskilled]
   mace               [Unskilled]
   morning star       [Unskilled]
   flail              [Unskilled]
   hammer             [Unskilled]
   polearms           [Unskilled]
   spear              [Unskilled]
   trident            [Unskilled]
   lance              [Basic]
   bow                [Unskilled]
   crossbow           [Unskilled]
 Spellcasting Skills
   attack spells      [Skilled]
   healing spells     [Skilled]
   clerical spells    [Unskilled]

Voluntary challenges:
 Character rerolling was not enabled.
 You genocided 17 types of monsters.
 You never polymorphed an object.
 You used 6 wishes.
 You did not wish for any artifacts.
 You did not violate any of the special Sokoban rules.
Achievements:
 You entered a shop.
 You attained the rank of Esquire.
 You entered the Gnomish Mines.
 You attained the rank of Bachelor.
 You entered Minetown.
 You entered a temple.
 You entered Sokoban.
 You attained the rank of Sergeant.
 You completed Sokoban.
 You completed the Gnomish Mines.
 You read from a Discworld novel.
 You learned the tune to open and close the Castle's drawbridge.
 You attained the rank of Knight.
 You handled the Bell of Opening.
 You defeated Medusa.
 You entered Gehennom.
 You handled the Candelabrum of Invocation.
 You handled the Book of the Dead.
 You gained access to Moloch's Sanctum.
 You attained the rank of Banneret.
 You attained the rank of Chevalier.
 You reached the Elemental Planes.
 You reached the Astral Plane.
 You delivered the Amulet of Yendor.
 You ascended!

 The Elemental Planes:
    Astral Plane: <- You are here.
       Some temples and some altars.
    Plane of Water:
    Plane of Fire:
    Plane of Air:
    Plane of Earth:
 The Dungeons of Doom: levels 1 to 25
    Level 1:
       A fountain.
       One way stairs up to The Elemental Planes.
    Level 2:
       A tool shop, a sink.
    Level 3:
       A general store, an altar to Lugh, a grave.
    Level 4:
       Some fountains, a sink.
       Stairs down to The Gnomish Mines.
    Level 5:
    Level 6:
       Many fountains.
       Oracle of Delphi.
    Level 7:
       Stairs up to Sokoban, level 6.
    Level 8:
    Level 9:
       A general store.
    Level 10:
    Level 11:
       An armor shop.
       Final resting place for
          witchwood-Val-Hum-Fem-Neu, petrified by a chickatrice corpse.
    Level 12:
       A fountain.
    Level 13:
       A temple and an altar to Lugh.
       Portal to The Quest.
    Level 14:
    Level 15:
    Level 16:
       A scroll shop, a grave.
       Final resting place for
          fe-Wiz-Elf-Fem-Cha, killed by a bolt of fire zapped by an ogre king.
    Level 17:
       An altar, some fountains.
    Level 18:
       A primitive area.
    Level 19:
       An altar to Lugh, a fountain.
    Level 20:
       A temple and an altar to Lugh, a grave.
    Level 21:
       Portal to Fort Ludios.
    Level 22:
       Some fountains, many trees.
    Level 23:
    Level 24:
       An altar to Lugh, some fountains.
    Level 25:
       A throne, a fountain.
       Connection to Gehennom.
 Gehennom: levels 26 to 48
    Level 26:
       A temple and an altar, many graves.
       Valley of the Dead.
    Level 27:
    Level 28:
    Level 29:
       A fountain.
    Level 30:
    Level 31:
    Level 32:
    Level 33:
    Level 34:
       Stairs up to Vlad's Tower, level 33.
    Level 35:
       Some shops, an altar, many graves.
    Level 36:
    Level 37:
    Level 38:
    Level 39:
    Level 40:
    Level 41:
    Level 42:
    Level 43:
    Level 44:
    Level 45:
    Level 46:
    Level 47:
    Level 48:
       A temple and an altar, many graves.
       Moloch's Sanctum.
 The Gnomish Mines: levels 5 to 13
    Level 5:
    Level 6:
    Level 7:
       Many shops, a temple and an altar to Lugh, a fountain, some trees.
    Level 8:
    Level 9:
    Level 10:
    Level 11:
    Level 12:
    Level 13:
       A fountain.
 The Quest: levels 1 to 6
    Level 1:
       A throne.
       Completed quest for King Arthur.
    Level 2:
    Level 3:
       A temple and an altar.
    Level 4:
    Level 5:
    Level 6:
 Sokoban: levels 6 up to 3
    Level 3:
       Solved.
    Level 4:
       Solved.
    Level 5:
       Solved.
    Level 6:
       Solved.
 Fort Ludios:
    Level 1:
       Fort Ludios.
 Vlad's Tower: levels 33 up to 31
    Level 31:
       A throne.
    Level 32:
    Level 33:


Vanquished creatures:
    Asmodeus
    Baalzebub
    Orcus
    Yeenoghu
    Juiblex
the Wizard of Yendor (thrice)
    Death
    Pestilence (twice)
    Vlad the Impaler
  a high cleric
  a mastodon
    Medusa
    Croesus
 17 krakens
  9 iron golems
  7 storm giants
  5 glass golems
 13 balrogs
 11 purple worms
  3 gray dragons
  6 gold dragons
  2 silver dragons
 12 red dragons
  7 white dragons
  2 orange dragons
  7 black dragons
  6 blue dragons
  5 green dragons
  a yellow dragon
 27 minotaurs
  8 jabberwocks
    Ixoth
  9 baluchitheria
 10 Angels
  9 stone golems
 20 Olog-hai
  7 Nazgul
 17 pit fiends
  5 sandestins
 20 hell hounds
  3 displacer beasts
  9 titanotheres
  5 trappers
  9 baby red dragons
  a baby blue dragon
  4 baby yellow dragons
  2 guardian nagas
  6 genetic engineers
  9 disenchanters
 29 vampire leaders
 13 skeletons
  8 shopkeepers
 21 aligned clerics
 12 captains
  6 shades
  7 clay golems
 15 nurses
 13 ice devils
 13 nalfeshnees
  6 lurkers above
  4 Aleaxes
  3 frost giants
  4 ettins
 21 black puddings
 27 vampires
 10 lieutenants
  2 watch captains
 47 ghosts
  a monk
  3 queen bees
  9 winged gargoyles
  a mind flayer
 13 giant mimics
  7 long worms
 10 zruties
  5 fire giants
 18 ogre tyrants
  4 ice trolls
  8 rock trolls
 11 umber hulks
 15 flesh golems
 11 elven monarchs
  2 doppelgangers
 33 hezrous
 36 bone devils
  9 large mimics
  5 wumpuses
 24 fire vortices
  a couatl
 25 stalkers
 12 air elementals
 34 fire elementals
 20 earth elementals
 12 water elementals
  5 hill giants
  7 giant mummies
  4 black nagas
 18 xorns
 22 giant zombies
 14 elf-nobles
 39 sergeants
  a water demon
  7 barbed devils
 32 vrocks
 17 salamanders
 16 wargs
  5 winter wolves
 19 hell hound pups
 17 small mimics
  4 glass piercers
 10 warhorses
 15 steam vortices
 15 xans
  6 ettin mummies
 11 ogre leaders
 17 quantum mechanics
 34 trolls
  3 sasquatches
  6 wood golems
 13 mariliths
  3 djinn
  9 sharks
  8 electric eels
 13 gelatinous cubes
  8 pyrolisks
  6 large dogs
  6 freezing spheres
 20 flaming spheres
  7 shocking spheres
  3 large cats
 12 tigers
  9 gargoyles
  2 dwarf rulers
  9 tengu
 35 ochre jellies
 12 leocrottas
 10 energy vortices
  6 mountain centaurs
  5 stone giants
 14 elf mummies
  7 human mummies
 15 red nagas
  7 green slimes
  5 pythons
 16 pit vipers
 11 cobras
 48 wraiths
 11 carnivorous apes
 21 ettin zombies
  5 leather golems
  9 Grey-elves
116 soldiers
  2 watchmen
 22 amorous demons
  7 horned devils
  9 chameleons
  5 crocodiles
 38 giant beetles
 13 quivering blobs
 32 cockatrices
 11 wolves
 16 winter wolf cubs
  6 panthers
 12 gremlins
  4 spotted jellies
 65 leprechauns
  6 orc-captains
  6 iron piercers
  8 mumakil
  8 giant spiders
 13 scorpions
  9 horses
 an ice vortex
 10 black lights
 15 vampire bats
 10 forest centaurs
 19 gnome rulers
  8 orc mummies
  4 dwarf mummies
  3 ogres
 10 brown puddings
 19 rust monsters
 24 owlbears
 14 yetis
  5 gold golems
  3 werewolves
 18 Green-elves
  6 piranha
 25 giant eels
 27 lizards
  6 chickatrices
  5 dingoes
  3 dogs
  7 housecats
  6 jaguars
  a dwarf leader
  7 blue jellies
  a white unicorn
  3 gray unicorns
  4 black unicorns
 11 dust vortices
  9 ravens
 11 plains centaurs
  4 gnome mummies
  9 snakes
  a water moccasin
 30 apes
 25 human zombies
  2 rope golems
 18 Woodland-elves
 41 soldier ants
 22 fire ants
 29 bugbears
 11 imps
 16 lemures
 82 quasits
 11 wood nymphs
  a water nymph
  5 mountain nymphs
 11 Mordor orcs
 11 Uruk-hai
  2 orc shamans
 15 rock piercers
  7 rock moles
 13 ponies
  9 fog clouds
 23 yellow lights
  a shrieker
 13 violet fungi
 31 gnome leaders
 13 gnomish wizards
  9 kobold mummies
  3 black naga hatchlings
  a golden naga hatchling
  7 gray oozes
  5 barrow wights
 17 elf zombies
 19 ghouls
  4 straw golems
  4 paper golems
 10 jellyfish
 50 giant ants
  2 little dogs
 13 floating eyes
  a kitten
 30 dwarves
  4 homunculi
  4 kobold leaders
  9 kobold shamans
 46 hill orcs
 23 rothes
  7 rabid rats
  5 centipedes
  7 giant bats
  a monkey
 13 orc zombies
 21 dwarf zombies
  5 wererats
  3 werejackals
 15 iguanas
 75 killer bees
  9 acid blobs
  8 coyotes
  3 gas spores
 10 hobbits
 26 manes
  5 large kobolds
 38 hobgoblins
 10 giant rats
 15 cave spiders
  9 yellow molds
  6 green molds
  2 red molds
 97 gnomes
 15 garter snakes
 14 gnome zombies
  9 geckos
 11 jackals
  3 foxes
  5 kobolds
 14 goblins
  5 sewer rats
 11 grid bugs
  7 bats
 16 lichens
 16 kobold zombies
 18 newts
3563 creatures vanquished.

Genocided or extinct species:
 arch-liches
 krakens
 master liches
 demiliches
 master mind flayers
 Nazgul (extinct)
 liches
 mind flayers
 sharks
 electric eels
 dwarf rulers
 soldiers (extinct)
 piranha
 giant eels
 dwarf leaders
 bugbears
 jellyfish
 dwarves
 hobbits
17 species genocided.
2 species extinct.

Fare thee well IceCreamJones the Demigod...

You went to your reward with 3851756 points,
Excalibur (worth 4000 zorkmids and 10000 points)
The Magic Mirror of Merlin (worth 1500 zorkmids and 3750 points)
       1 ruby (worth 3500 zorkmids),
       1 amulet of ESP (worth 150 zorkmids),
and 328 pieces of gold, after 86904 moves.
You were level 23 with a maximum of 245 hit points when you ascended.

